 Dungeon Crawl Stone Soup version 0.29-a0-364-g921d912d32 (webtiles) character file.

Game seed: 14740719293703141983

10263 spaghetti the Fighter (level 11, -8/62 HPs)
             Began as a Vine Stalker Brigand on Apr 30, 2022.
             Was an Initiate of Hepliaklqana.
             Mangled by a fire elemental (10 damage)
             ... created by the fiery vengeance of Ignis
             ... on level 12 of the Dungeon.
             The game lasted 00:24:07 (10046 turns).

spaghetti the Fighter (Vine Stalker Brigand)       Turns: 10046, Time: 00:24:07

Health: -8/62      AC: 22    Str: 14    XL:     11   Next: 59%
Magic:  0/13       EV:  7    Int: 11    God:    Hepliaklqana [......]
Gold:   136        SH:  4    Dex: 20    Spells: 10/10 levels left

rFire   . . .      SeeInvis .   M - +2 rapier (elec) {short}
rCold   . . .      Faith    .   k - +0 buckler
rNeg    . . .      Spirit   +   P - +7 plate armour
rPois   .          Reflect  .   (no helmet)
rElec   .          Harm     .   c - +0 cloak
rCorr   .          Rampage  .   (no gloves)
Will    +....                   Q - +0 pair of boots
Stlth   ..........              (no amulet)
HPRegen 1.00/turn               (no ring)
MPRegen 0.13/turn               (no ring)

@: about to teleport, hasted, fire susceptible, very quick
A: fangs 3, regeneration 1, magic shield, antimagic bite, no potion heal 2, high
MP 1, devolution 1
a: Renounce Religion


You were on level 12 of the Dungeon.
You worshipped Hepliaklqana.
Hepliaklqana was noncommittal.
You visited 3 branches of the dungeon, and saw 14 of its levels.

You collected 648 gold pieces.
You spent 512 gold pieces at shops.


Innate Abilities, Weirdness & Mutations

You have razor-sharp teeth.
Your natural rate of healing is unusually fast.
When hurt, damage is shared between your health and your magic reserves.
Your bite disrupts and absorbs the magic of your enemies.
Potions cannot restore your health.
You have an increased reservoir of magic. (+10% MP)
You have hidden genetic defects.


   Skills:
 + Level 9.5 Fighting
 - Level 8.0 Short Blades
 - Level 1.7 Throwing
 * Level 5.7 Armour
 + Level 8.5 Dodging
 - Level 4.8 Stealth


You had 10 spell levels left.
You didn't know any spells.
Your spell library contained the following spells:

 Spells                   Type           Power      Damage    Failure   Level
 Apportation              Tloc           0%         N/A       100%        1
 Freeze                   Ice            0%         1d3       100%        1
 Sandblast                Erth           0%         2d4       100%        1
 Corpse Rot               Necr/Air       0%         N/A       100%        2
 Passwall                 Tmut/Erth      0%         N/A       100%        2
 Poisonous Vapours        Pois/Air       0%         N/A       100%        2
 Frozen Ramparts          Ice            0%         1d2       100%        3
 Stone Arrow              Conj/Erth      0%         3d7       100%        3
 Hailstorm                Conj/Ice       0%         3d3       100%        4
 Alistair's Intoxication  Tmut/Pois      0%         N/A       100%        5

Inventory:

Hand Weapons
 a - the +6 hunting sling "Erragoz" {vorpal, rC++ rN+ Will- SInv, sling}
   (You bought it in a shop on level 3 of the Dungeon)

   Any ammunition fired from it inflicts extra damage upon your enemies.
   rC:        It greatly protects you from cold.
   rN:        It protects you from negative energy.
   SInv:      It lets you see invisible.
   Will:      It decreases your willpower.
 b - the +6 falchion "Doneurr" {venom, Will+ Str+4, long}
   (You bought it in a shop on level 3 of the Dungeon)

   It poisons the flesh of those it strikes.
   Str:       It affects your strength (+4).
   Will:      It increases your willpower.
 r - a +2 vampiric dagger {short}
 C - a +2 hunting sling of freezing {sling}
   (You found it on level 1 of the Dungeon)
 G - the +1 long sword of the Desert {vorpal, rF++ rC+ Will- Str+3, long}
   (You found it on level 7 of the Dungeon)

   It inflicts extra damage upon your enemies.
   Str:       It affects your strength (+3).
   rF:        It greatly protects you from fire.
   rC:        It protects you from cold.
   Will:      It decreases your willpower.
 M - a +2 rapier of electrocution (weapon) {short}
   (You took it off an orc on level 8 of the Dungeon)
Missiles
 d - 23 poisoned darts {throwing}
 e - 9 curare-tipped darts {=fthrowing}
 i - 158 stones (quivered) {throwing}
 m - 7 boomerangs {throwing}
 z - 5 silver boomerangs {throwing}
 O - 4 atropa-tipped darts {throwing}
Armour
 c - a +0 cloak (worn)
 k - a +0 buckler (worn)
   (You found it on level 11 of the Dungeon)
 x - the +0 leather armour of the Antique God {rElec rN+}
   (You found it on level 5 of the Dungeon)

   rElec:     It insulates you from electricity.
   rN:        It protects you from negative energy.
 N - the +1 plate armour of Eternal Night {Drain Fly rN+}
   (You found it on level 1 of the Lair of Beasts)

   rN:        It protects you from negative energy.
   Fly:       It grants you flight.
   Drain:     It drains your maximum health when unequipped.
 P - a +7 plate armour (worn)
   (You took it off an orc warrior on level 8 of the Dungeon)
 Q - a +0 pair of boots (worn)
   (You found it on level 3 of the Dungeon)
Jewellery
 y - a ring of protection from fire
   (You found it on level 5 of the Dungeon)
 A - a ring of protection from fire
   (You found it on level 5 of the Dungeon)
 J - a ring of flight
   (You found it on level 7 of the Dungeon)
Wands
 s - a wand of polymorph (12)
   (You found it on level 3 of the Dungeon)
 v - a wand of flame (21)
   (You took it off an orc priest on level 12 of the Dungeon)
 B - a wand of iceblast (12)
   (You found it on level 6 of the Dungeon)
Scrolls
 j - 3 scrolls of brand weapon
 q - 3 scrolls of vulnerability {!r!r}
 u - 3 scrolls of identify {@r1}
 w - 2 scrolls of magic mapping {!r}
 F - a scroll of enchant weapon {unknown}
 H - 2 scrolls of amnesia {unknown}
 I - a scroll of immolation {unknown}
 K - a scroll of fog
Potions
 f - a potion of haste {@q3}
 g - 5 potions of might
 l - 3 potions of flight
 n - 7 potions of curing {@q1}
 o - 2 potions of lignification {unknown}
 p - 3 potions of heal wounds {unknown}
 t - a potion of invisibility {unknown}
 D - a potion of cancellation {unknown}
 L - a potion of brilliance {unknown}

Dungeon Overview and Level Annotations

Branches:
Dungeon (12/15)            Temple (1/1) D:6            Lair (1/6) D:8
    Orc: D:9-12

Altars:
Ashenzari
Cheibriados
Dithmenos
Elyvilon
Fedhas
Gozag
Hepliaklqana
Kikubaaqudgha
Makhleb
Nemelex Xobeh
Okawaru
Qazlal
Ru
Sif Muna
Trog
Uskayaw
Vehumet
Wu Jian
Xom
Yredelemnul
Zin
The Shining One
Ignis

Shops:
D:3 :((*(   D:6 (   D:7 =   D:9 **

Annotations:
D:7 exclusion: 2 centaurs

..######.....#..........#
#.# ..#
########.#.......# #.#
..# ######.######### #.#
..# #......# #########.#
..########.######
#.(.......#
............##
###.#########
.............## #.....#
.#...##.......#####.###.#
..............EE@E..# #.#
......#.......#####.###.#
#....#......## #.....#
...........## #######
........#..# ..##.##.#.#.
#. ...###. .#


You could see 3 fire elementals.


Message History

😕 HP[+1] Throw: 159 stones {throwing}
Press: ? - help, Q - select action, (/) - cycle Shift-Dir - straight line, f/p - cyclops
Aim: a cyclops, quivering large rocks (severely wounded, 88% to hit)
You throw a stone {throwing}.
The stone {throwing} barely misses the cyclops. 😕 HP[+1] Throw: 158 stones {throwing}
Press: ? - help, Q - select action, (/) - cycle Shift-Dir - straight line, f/p - cyclops
Aim: a cyclops, quivering large rocks (severely wounded, 88% to hit)
You throw a stone {throwing}.
The stone {throwing} hits the cyclops but does no damage. 😕 HP[+1] Throw: 157 stones {throwing}
Press: ? - help, Q - select action, (/) - cycle Shift-Dir - straight line, f/p - cyclops
Aim: a cyclops, quivering large rocks (severely wounded, 88% to hit)
You throw a stone {throwing}.
The stone {throwing} hits the cyclops. 😕 HP[+1]
You hit the cyclops but do no damage. You bite the cyclops!
You drain its power. 😕 HP[+1]
You slash the cyclops!
The cyclops is poisoned.
You block the cyclops's attack. 😕 HP[+1]
You completely miss the cyclops. You bite the cyclops.
You kill the cyclops! 😎 HP[+1]
Your hp is fully restored (62).
The +6 falchion "Doneurr" {venom, Will+ Str+4, long} stops dripping with poison.
a - the +6 hunting sling "Erragoz" (weapon)
{vorpal, rC++ rN+ Will- SInv, sling} You see here 4 large rocks {=fthrowing}.
i - 157 stones {throwing} (gained 1)
i - 158 stones {throwing} (gained 1) Key pressed, stopping explore.
You see here 4 large rocks {=fthrowing}.
Key pressed, stopping explore. "My hands, my teeth, my burning tears: these will never betray me!" 3 fire elementals come into view.
There are monsters nearby!
You feel stronger.
The +6 falchion "Doneurr" {venom, Will+ Str+4, long} begins to drip with poison!
b - the +6 falchion "Doneurr" (weapon)
{venom, Will+ Str+4, long} The +6 falchion "Doneurr" {venom, Will+ Str+4, long} stops dripping with poison.
You hear the crackle of electricity.
M - a +2 rapier of electrocution (weapon)
{short} You puncture the fire elemental!
You bite the fire elemental. You drain its power.
You block the fire elemental's attack. The fire elemental hits you.
The fire elemental burns you! 😕 HP[-7] MP[-1]
You take 7 damage, and now have 55/62 hp.
You lost 1 mp, and now have 11/12 mp.
You hit the fire elemental. Your bite misses the fire elemental.
You block the fire elemental's attack. The fire elemental hits you.
The fire elemental burns you!
You block the fire elemental's attack. 😮 HP[-9] MP[-2]
You take 9 damage, and now have 46/62 hp.
You lost 2 mp, and now have 9/12 mp.
You puncture the fire elemental! Your bite misses the fire elemental.
The fire elemental hits you. The fire elemental burns you!
The fire elemental barely misses you. 😮 HP[-10] MP[-2]
You take 10 damage, and now have 36/62 hp.
You lost 2 mp, and now have 7/12 mp.
Unknown command.
Unknown command.
You hit the fire elemental. The fire elemental hits you.
The fire elemental burns you!
* * * LOW HITPOINT WARNING * * *
The fire elemental hits you. The fire elemental burns you!
* * * LOW HITPOINT WARNING * * *
😨 HP[-15] MP[-4]
You take 15 damage, and now have 21/62 hp.
MASSIVE DAMAGE!! (PAUSE)
You lost 4 mp, and now have 3/12 mp.
Unknown command.
As you read the scroll of teleportation {@r4}, it crumbles to dust.
You feel strangely unstable. You block the fire elemental's attack.
The fire elemental hits you. The fire elemental burns you!
* * * LOW HITPOINT WARNING * * *
You block the fire elemental's attack. 😱 HP[-6] MP[-1]
You take 6 damage, and now have 15/62 hp.
You lost 1 mp, and now have 2/12 mp.
Unknown command.
Unknown command.
It was a potion of mutation.
You feel extremely strange.
You feel a hidden malignance growing inside you.
You feel more energetic. The fire elemental hits you.
The fire elemental burns you!
* * * LOW HITPOINT WARNING * * *
You block the fire elemental's attack. 😱 HP[-5] MP[-1]
You take 5 damage, and now have 10/62 hp.
You feel yourself speed up. The fire elemental hits you.
The fire elemental burns you!
* * * LOW HITPOINT WARNING * * *
The fire elemental hits you. The fire elemental burns you!
* * * LOW HITPOINT WARNING * * *
The fire elemental hits you. The fire elemental burns you!
You die...

Skill      XL: |  1  2  3  4  5  6  7  8  9 10 11 |
---------------+----------------------------------+-----
Fighting       | 2 3 4 5 6 7 8 9 |  9.5
Dodging        | 1 2 3 4 6 7 8 |  8.5
Short Blades   | 2 3 4 6 7 8 |  8.0
Armour         | 3 5 |  5.7
Throwing       | |  1.7
Stealth        | |  4.8

Action                   |  1- 3 |  4- 6 |  7- 9 | 10-12 || total
-------------------------+-------+-------+-------+-------++-------
Melee: Dagger            |    17 |    62 |       |       ||    79
       Bite              |     4 |    16 |    22 |   100 ||   142
       Punch             |       |     2 |       |     1 ||     3
       Falchion          |       |    18 |    73 |   171 ||   262
       Rapier            |       |       |       |    61 ||    61
 Fire: Hunting sling     |    42 |    81 |    90 |    86 ||   299
Throw: Stone             |       |    86 |     9 |    10 ||   105
       Dart              |       |     1 |       |       ||     1
Invok: Foxfire Swarm     |       |       |     6 |       ||     6
       Fiery Armour      |       |       |     2 |       ||     2
       Rising Flame      |       |       |     1 |       ||     1
Evoke: Wand              |       |       |     1 |    10 ||    11
  Use: Scroll            |       |     7 |     5 |     7 ||    19
       Potion            |       |       |       |     5 ||     5
 Stab: Sleeping          |     7 |       |       |       ||     7
Armor: Robe              |     8 |    33 |       |       ||    41
       Leather armour    |       |       |    13 |     4 ||    17
       Plate armour      |       |       |       |   180 ||   180
Dodge: Dodged            |    14 |    72 |   101 |    98 ||   285
Block: Buckler           |       |       |       |    50 ||    50

Levels and vault maps discovered:
D:1:      sevenhm_arrival_forest_fort_large_1, layout_basic
D:2:      layout_basic, hellmonk_ecumenical_altar_slurped_away
D:3:      layout_loops_ring, serial_shops, shop_coins, shop_fountains,
          nicolae_shop_statue_plus, nicolae_shop_waterfront, shop
D:4:      layout_rooms, mainiacjoe_overflow_catwalk,
          nicolae_uskayaw_murder_on_the_dancefloor, kennysheep_doodads
D:5:      layout_loops_ring, makhleb_altar_promises_db, lemuel_round_altar,
          grunt_temple_overflow_cloverleaf, nicolae_overflow_crystal_walls
D:6:      layout_basic, minmay_temple_entry_gardened_gates, serial_shops,
          nicolae_shop_stone, interstate_on_off
D:7:      layout_layer_cave, yredelemnul_altar_generic, lightli_temple_of_fire,
          grunt_decor_one_mirror, minmay_shop_enchanted_jewellery, centaur_isle,
          uniq_maggie
D:8:      layout_rooms, lair_entry_dummy, serial_rivers,
          chequers_serial_rivers_room_a, chequers_serial_rivers_small_b,
          chequers_serial_rivers_marsh, chequers_serial_rivers_marsh,
          chequers_serial_rivers_micro_d, lightli_corner_chamber
D:9:      layout_grid_maze, mainiacjoe_overflow_chevrons, lemuel_doored_altar,
          serial_shops, nicolae_stop_n_shop_2, shop, fungi_pond_lemuel
D:10:     layout_rooms, orc_0_dummy, nrook_pool_corridor,
          kennysheep_generic_room_10, uniq_erolcha, uniq_sonja, uniq_snorg
D:11:     cheibrodos_breeding_chamber, layout_loops_ring, serial_shops,
          nicolae_shop_stone, hangedman_abyss_or_decor_slice,
          kiku_gazebo_garden_becter
D:12:     layout_loops_cross, nicolae_wu_jian_immortal_techniques
Temple:   jpeg_temple_island
Lair:1:   layout_regular_city, uniq_gastronok

Notes
Turn   | Place    | Note
-------+----------+-------------------------------------------
     0 | D:1      | spaghetti the Vine Stalker Brigand began the quest for the
                  | Orb.
     0 | D:1      | Reached XP level 1. HP: 11/11 MP: 2/2
     0 | D:1      | magus.rc [v1.9.6]
    41 | D:1      | Reached skill level 2 in Fighting
    41 | D:1      | Reached skill level 1 in Dodging
   130 | D:1      | Reached XP level 2. HP: 15/15 MP: 3/3
   415 | D:1      | You pick up a book of Vapours and begin reading...
   415 | D:1      | You add the spells Poisonous Vapours and Corpse Rot to your
                  | library.
   599 | D:1      | Reached XP level 3. HP: 19/19 MP: 4/4
   773 | D:2      | Reached skill level 2 in Dodging
   775 | D:2      | Gained mutation: Your natural rate of healing is unusually
                  | fast. [Vine Stalker growth]
   775 | D:2      | Reached XP level 4. HP: 23/23 MP: 5/5
   834 | D:2      | Reached skill level 3 in Fighting
  1299 | D:2      | Found a faded altar of an unknown god.
  1330 | D:2      | Prayed at the altar of an unknown god.
  1330 | D:2      | Became a worshipper of Ignis, the Dying Flame
  1712 | D:3      | Reached skill level 2 in Short Blades
  1728 | D:3      | Found Marcheih's Antique Weapon Shoppe.
  1801 | D:3      | Found Suxemui's Book Emporium.
  1903 | D:3      | Found Dexilics's Weapon Shoppe.
  1979 | D:3      | Reached XP level 5. HP: 26/28 MP: 6/6
  2136 | D:3      | Bought a masterwork falchion for 192 gold pieces
  2136 | D:3      | Identified the +6 falchion "Doneurr" {venom, Will+ Str+4}
                  | (You bought it in a shop on level 3 of the Dungeon)
  2147 | D:3      | Found Pupapoga's General Store.
  2156 | D:3      | Bought a scroll of identify for 20 gold pieces
  2193 | D:3      | Found Yzeph's Antique Weapon Emporium.
  2596 | D:4      | Found a broken altar of Ashenzari.
  2762 | D:4      | Found a hide-covered altar of Uskayaw.
  2777 | D:4      | Reached skill level 3 in Dodging
  2777 | D:4      | Reached XP level 6. HP: 31/33 MP: 5/7
  2980 | D:5      | Entered Level 5 of the Dungeon
  2990 | D:5      | Noticed a black bear
  2996 | D:5      | Killed a black bear
  2997 | D:5      | Reached skill level 4 in Fighting
  2997 | D:5      | Reached skill level 3 in Short Blades
  3038 | D:5      | Found a burning altar of Makhleb.
  3098 | D:5      | Found an ornate altar of the Wu Jian Council.
  3201 | D:5      | Found an iron altar of Okawaru.
  3204 | D:5      | Identified the +0 leather armour of the Antique God {rElec
                  | rN+}
  3244 | D:5      | Reached XP level 7. HP: 32/38 MP: 5/8
  3250 | D:5      | HP: 8/38 [gnoll/+0 spear (5)]
  3250 | D:5      | HP: 1/38 [gnoll/+0 spear (7)]
  3430 | D:5      | Noticed a cacodemon
  3434 | D:5      | Noticed a smoke demon
  3434 | D:5      | Noticed a hellwing
  3552 | D:5      | Found a glowing silver altar of Zin.
  3640 | D:5      | Found a blossoming altar of Fedhas.
  3652 | D:5      | Found an ancient bone altar of Kikubaaqudgha.
  3657 | D:5      | Reached skill level 4 in Dodging
  3736 | D:5      | You pick up a book of Geomancy and begin reading...
  3736 | D:5      | You add the spells Sandblast, Passwall and Stone Arrow to
                  | your library.
  3808 | D:5      | Reached skill level 4 in Short Blades
  3965 | D:5      | Found a shimmering blue altar of Sif Muna.
  4105 | D:6      | Found Hupnunurph's Antique Weapon Shoppe.
  4455 | D:3      | Bought a pitted hunting sling for 188 gold pieces
  4455 | D:3      | Identified the +6 hunting sling "Erragoz" {vorpal, rC++ rN+
                  | Will- SInv} (You bought it in a shop on level 3 of the
                  | Dungeon)
  4623 | D:6      | Found a staircase to the Ecumenical Temple.
  4770 | D:6      | Reached skill level 5 in Fighting
  4927 | D:6      | Gained mutation: You have razor-sharp teeth. [Vine Stalker
                  | growth]
  4927 | D:6      | Reached XP level 8. HP: 24/43 MP: 6/9
  5414 | D:7      | Found Jes Vam's Jewellery Shop.
  5417 | D:7      | Noticed Maggie
  5427 | D:7      | HP: 10/44 [bullfrog (4)]
  5588 | D:7      | Reached skill level 5 in Short Blades
  5589 | D:7      | Killed Maggie
  5590 | D:7      | Reached skill level 6 in Fighting
  5590 | D:7      | Reached skill level 5 in Dodging
  5661 | D:7      | Found a basalt altar of Yredelemnul.
  5707 | D:7      | Identified the +1 long sword of the Desert {vorpal, rF++
                  | rC+ Will- Str+3}
  5717 | D:7      | You pick up a book of Party Tricks and begin reading...
  5717 | D:7      | You add the spells Apportation and Alistair's Intoxication
                  | to your library.
  5718 | D:7      | Found a bloodstained altar of Trog.
  6260 | D:8      | Noticed a two-headed ogre
  6267 | D:8      | Killed a two-headed ogre
  6268 | D:8      | Reached skill level 6 in Short Blades
  6268 | D:8      | Reached skill level 6 in Dodging
  6268 | D:8      | Reached XP level 9. HP: 35/49 MP: 6/10
  6320 | D:8      | You pick up a book of Frost and begin reading...
  6320 | D:8      | You add the spells Freeze, Frozen Ramparts and Hailstorm to
                  | your library.
  6365 | D:8      | Reached skill level 7 in Fighting
  6434 | D:8      | HP: 9/50 [yak (11)]
  6581 | D:7      | Reached skill level 7 in Short Blades
  6692 | D:8      | Reached XP level 10. HP: 53/56 MP: 8/11
  7028 | D:8      | Found a staircase to the Lair.
  7213 | D:8      | Reached skill level 7 in Dodging
  7225 | D:8      | Reached skill level 8 in Fighting
  7524 | Lair:1   | Entered Level 1 of the Lair of Beasts
  7535 | Lair:1   | Identified the +1 plate armour of Eternal Night {Drain Fly
                  | rN+}
  7609 | Lair:1   | Noticed a cane toad
  7614 | Lair:1   | HP: 3/56 [cane toad (15)]
  7617 | Lair:1   | Killed a cane toad
  7694 | Temple   | Entered the Ecumenical Temple
  7738 | Temple   | Fell from the grace of Ignis
  7738 | Temple   | Became a worshipper of Hepliaklqana the Forgotten
  7834 | D:9      | Found Qalof's Assorted Antiques.
  8425 | D:10     | Entered Level 10 of the Dungeon
  8539 | D:9      | Reached skill level 1 in Armour
  8548 | D:9      | You fall into a shaft and drop 2 floors!
  8578 | D:11     | HP: 12/57 [fire elemental[the fiery vengeance of Ignis]
                  | (6)]
  8652 | D:11     | Noticed a green ugly thing
  8665 | D:11     | Killed a green ugly thing
  8666 | D:11     | Reached skill level 8 in Short Blades
  8671 | D:11     | Reached skill level 2 in Armour
  8927 | D:11     | Reached skill level 3 in Armour
  8968 | D:11     | Noticed a brown ugly thing
  8968 | D:11     | Noticed a brown ugly thing
  8968 | D:11     | Noticed a brown ugly thing
  8968 | D:11     | Noticed a purple ugly thing
  8971 | D:11     | Noticed a red ugly thing
  8991 | D:10     | Killed a brown ugly thing
  8992 | D:10     | Reached XP level 11. HP: 60/60 MP: 12/12
  9183 | D:9      | Found an opulent altar of Gozag.
  9209 | D:9      | Found Igguyrph's General Store.
  9217 | D:9      | Bought a scroll of enchant armour for 112 gold pieces
  9244 | D:9      | Found a glowing golden altar of the Shining One.
  9287 | D:9      | HP: 14/60 [fire elemental[the fiery vengeance of Ignis]
                  | (6)]
  9292 | D:9      | HP: 9/60 [fire elemental[the fiery vengeance of Ignis] (1)]
  9292 | D:9      | HP: 1/60 [fire elemental[the fiery vengeance of Ignis] (4)]
  9399 | D:9      | HP: 13/60 [fire elemental[the fiery vengeance of Ignis]
                  | (7)]
  9411 | D:9      | You fall into a shaft and drop 3 floors!
  9487 | D:12     | Reached skill level 9 in Fighting
  9487 | D:12     | Reached skill level 8 in Dodging
  9492 | D:12     | Reached skill level 4 in Armour
  9533 | D:12     | Noticed a cyclops
  9546 | D:12     | Killed a cyclops
  9614 | D:12     | Reached * piety under Hepliaklqana
  9647 | D:12     | HP: 7/55 [something (11)]
  9748 | D:12     | Reached skill level 5 in Armour
  9976 | D:12     | Noticed a cyclops
  9987 | D:12     | Killed a cyclops
 10044 | D:12     | HP: 15/62 [fire elemental[the fiery vengeance of Ignis]
                  | (7)]
 10045 | D:12     | Gained mutation: You have hidden genetic defects. [potion
                  | of mutation]
 10045 | D:12     | Gained mutation: You have an increased reservoir of magic.
                  | (+10% MP) [potion of mutation]
 10046 | D:12     | HP: 3/62 [fire elemental[the fiery vengeance of Ignis] (8)]
 10046 | D:12     | Mangled by a fire elemental

Vanquished Creatures
  A two-headed ogre (D:8)
  2 ugly things
  2 cyclopes (D:12)
  A gargoyle (D:12)
  A cane toad (Lair:1)
  Maggie (D:7)
  An unseen horror (D:12)
  3 trolls
  3 shadows
  A vampire (D:12)
  2 wyverns (D:8)
  10 fire elementals
  18 yaks
  5 vampire mosquitoes (D:12)
  An acid dragon (D:8)
  2 orc warriors (D:8)
  2 black bears
  A kobold brigand (D:9)
  3 bullfrogs
  4 scorpions
  A necrophage (D:6)
  3 wights (D:6)
  2 jellies
  A hound (D:7)
  2 gnoll shamans
  6 orc priests
  4 iguanas
  8 orc wizards
  4 adders
  10 gnolls
  3 white imps
  2 ufetubi
  A worm (D:3)
  3 dart slugs
  20 orcs
  7 bats
  12 endoplasms
  3 giant cockroaches
  7 goblins
  6 hobgoblins
  3 jackals (D:2)
  18 kobolds
  4 quokkas
  10 ball pythons
  5 frilled lizards
  7 rats
216 creatures vanquished.

Vanquished Creatures (collateral kills)
  A vampire mosquito (D:12)
1 creature vanquished.

Vanquished Creatures (others)
  2 ancestors (D:12)
  91 foxfires
93 creatures vanquished.

Grand Total: 310 creatures vanquished

Table legend:
 A = Non-vault XP
 B = Vault XP
 C = Vault XP percentage of total XP
 D = Non-vault monster count
 E = Vault monster count
 F = Vault count percentage of total count
                 A         B        C        D         E       F
            +---------+---------+-------+---------+---------+-------
      Total |   13632 |    1030 |   7.0 |     200 |       7 |   3.4
            +---------+---------+-------+---------+---------+-------
        D:1 |      36 |       5 |  12.2 |      20 |       4 |  16.7
        D:2 |      92 |       2 |   2.1 |      28 |       1 |   3.4
        D:3 |      69 |       0 |   0.0 |      20 |       0 |   0.0
        D:4 |     175 |       0 |   0.0 |      17 |       0 |   0.0
        D:5 |     632 |       0 |   0.0 |      19 |       0 |   0.0
        D:6 |     599 |       0 |   0.0 |       9 |       0 |   0.0
        D:7 |     636 |     409 |  39.1 |      15 |       1 |   6.2
        D:8 |    3270 |       0 |   0.0 |      25 |       0 |   0.0
        D:9 |     931 |       0 |   0.0 |      14 |       0 |   0.0
       D:10 |       0 |     614 | 100.0 |       0 |       1 | 100.0
       D:11 |    1701 |       0 |   0.0 |       9 |       0 |   0.0
       D:12 |    5080 |       0 |   0.0 |      23 |       0 |   0.0
     Lair:1 |     411 |       0 |   0.0 |       1 |       0 |   0.0
            +---------+---------+-------+---------+---------+-------

Illustrated notes

Table legend:
 A = Kills in this place as a percentage of kills in entire the game.
 B = Kills by you in this place as a percentage of kills by you in the entire game.
 C = Kills by friends in this place as a percentage of kills by friends in the entire game.
 D = Other kills in this place as a percentage of other kills in the entire game.
 E = Experience gained in this place as a percentage of experience gained in the entire game.
 F = Experience gained in this place divided by the number of levels of this place that you have seen.
                   A       B       C       D       E      F
               +-------+-------+-------+-------+-------+----------------------
         Total | 100.0 | 100.0 | 100.0 |   N/A | 100.0 | 1047.3
       Dungeon |  99.5 |  99.5 | 100.0 |   N/A |  97.2 | 1187.6
          Lair |   0.5 |   0.5 |   0.0 |   N/A |   2.8 | 411.0
               +-------+-------+-------+-------+-------+----------------------

Table legend: (Time is in decaauts)
 A = Elapsed time spent in this place.
 B = Non-inter-level travel time spent in this place.
 C = Inter-level travel time spent in this place.
 D = Time resting spent in this place.
 E = Time spent auto-exploring this place.
 F = Levels seen in this place.
 G = Mean time per level.
                   A        B        C        D        E       F      G
               +--------+--------+--------+--------+--------+-----+--------+
         Total |  10207 |   8930 |   1277 |   1019 |   6157 |  14 |  729.1 |
       Dungeon |  10013 |   8792 |   1221 |   1019 |   6043 |  12 |  834.4 |
        Temple |     84 |     44 |     40 |      0 |     32 |   1 |   84.0 |
          Lair |    109 |     94 |     15 |      0 |     82 |   1 |  109.0 |
               +--------+--------+--------+--------+--------+-----+--------+

Top non-repeatable levels by time:
     D:6: 1284 daAuts
     D:8: 1277 daAuts
     D:5: 1196 daAuts
     D:7: 1105 daAuts
     D:3: 1012 daAuts
     D:2: 952 daAuts
     D:1: 782 daAuts
     D:9: 659 daAuts
    D:12: 638 daAuts
     D:4: 530 daAuts
    D:11: 452 daAuts
    D:10: 123 daAuts
  Lair:1: 109 daAuts
  Temple: 84 daAuts
